 Dungeon Crawl Stone Soup version 0.26.0-90-g5fd8617961 (webtiles) character file.

Game seed: 17530780666416204179

4 Descartes the Grave Robber (level 1, 0/12 HPs)
             Began as a Deep Elf Wanderer on Feb 2, 2021.
             Slain by a bat (1 damage)
             ... on level 1 of the Dungeon.
             The game lasted 00:01:14 (126 turns).

Descartes the Grave Robber (Deep Elf Wanderer)       Turns: 126, Time: 00:01:14

Health: 0/12       AC:  2    Str:  9    XL:     1   Next: 50%
Magic:  0/6        EV: 11    Int: 16    God:
Gold:   12         SH:  0    Dex: 14    Spells: 5/6 levels left

rFire    . . .     SeeInvis .   a - +0 shortbow
rCold    . . .     Faith    .   (shield currently unavailable)
rNeg     . . .     Spirit   .   e - +0 robe
rPois    .         Reflect  .   (no helmet)
rElec    .         Harm     .   (no cloak)
rCorr    .         Rampage  .   (no gloves)
Will     .....                  (no boots)
Stlth    +.........             (no amulet)
HPRegen  0.04/turn              (no ring)
MPRegen  0.10/turn              (no ring)

@: no status effects
A: no striking features
a: no special abilities


You were on level 1 of the Dungeon.
You visited 1 branch of the dungeon, and saw 1 of its levels.

You collected 12 gold pieces.

Inventory:

Hand Weapons
 a - a +0 shortbow (weapon)
Missiles
 c - 23 arrows (quivered ammo)
Armour
 e - a +0 robe (worn)
Scrolls
 b - a scroll of identify {unknown}
 d - a scroll of teleportation


   Skills:
 - Level 1.0 Fighting
 - Level 1.3 Bows
 - Level 1.0 Armour
 - Level 3.0 Spellcasting
 + Level 1.2 Conjurations
 - Level 3.6 Necromancy
 - Level 2.1 Evocations


You had 5 spell levels left.
You knew the following spells:

 Your Spells              Type           Power        Failure   Level
a - Magic Dart            Conj           24%          12%         1

Your spell library contained the following spells:

 Spells                   Type           Power        Failure   Level
 Blink                    Tloc           N/A          28%         2
 Call Imp                 Summ           2%           28%         2
 Slow                     Hex            2%           28%         2
 Conjure Flame            Conj/Fire      4%           41%         3
 Mephitic Cloud           Conj/Pois/Air  3%           43%         3


Dungeon Overview and Level Annotations

Branches:
Dungeon (1/15)

Altars:


Message History

Really attack while wielding your +0 shortbow? [Y]es or [N]o only, please.
Really attack while wielding your +0 shortbow? [Y]es or [N]o only, please.
Really attack while wielding your +0 shortbow?
Okay, then.
Casting: Magic Dart (safe; 12% risk of failure)
Confirm with . or Enter, or press ? or * to list all spells.
Aiming: Magic Dart (safe; 12% risk of failure)
Press: ? - help, Shift-Dir - straight line, f/p - giant cockroach
Aim: a giant cockroach (severely wounded, 0% to evade)
The magic dart hits the giant cockroach but does no damage.
The giant cockroach is severely wounded.
The giant cockroach bites you but does no damage.
The bat barely misses you. The giant cockroach bites you.
* * * LOW HITPOINT WARNING * * *
The bat hits you.
* * * LOW HITPOINT WARNING * * *
The bat misses you. The bat hits you.
You die...

#>....# #.... .. #.....#
#######.#### ## #.....#
#.....?.. #.....#
#......# ####†##
#......#
###########.####......##
#≈≈≈≈≈≈§≈≈≈.............
#≈8≈≈≈≈≈≈8≈#####......#
#≈≈8≈≈≈≈8≈≈..@.B.....##
#§≈≈####≈≈§.b........#
#≈≈≈#..'≈≈≈.........?#
#≈§≈#<.'≈§§.............
#§≈≈####≈≈≈..........###
#≈≈8≈≈≈≈8≈≈..........#
#≈8≈≈§≈≈≈8≈..........#
#≈≈≈≈≈≈≈≈≈≈###########
############


You could see a giant cockroach and a bat.

Vanquished Creatures
  A goblin (D:1)
  A hobgoblin (D:1)
  A bat (D:1)
  A frilled lizard (D:1)
4 creatures vanquished.

Notes
Turn   | Place    | Note
-------+----------+-------------------------------------------
     0 | D:1      | Descartes the Deep Elf Wanderer began the quest for the
                  | Orb.
     0 | D:1      | Descartes set off with the following items: a +0 shortbow,
                  | 27 arrows, a scroll of teleportation, a +0 robe; and the
                  | following spell memorised: Magic Dart; and the following
                  | spells available to memorise: Blink, Call Imp, Slow,
                  | Conjure Flame, Mephitic Cloud
     0 | D:1      | Reached XP level 1. HP: 12/12 MP: 6/6
   104 | D:1      | Reached skill level 1 in Conjurations
   126 | D:1      | Slain by a bat

Illustrated notes

Levels and vault maps discovered:
D:1:      lightli_arrival_boilingwater, layout_basic

Skill      XL: |  1 |
---------------+----+-----
Conjurations   | 1 |  1.2
Fighting       | |  1.0
Bows           | |  1.3
Armour         | |  1.0
Spellcasting   | |  3.0
Necromancy     | |  3.6
Evocations     | |  2.1

Action                   || total
-------------------------++-------
 Fire: Shortbow          ||     6
 Cast: Magic Dart        ||    13
Armor: Robe              ||    11
Dodge: Dodged            ||    25
